 Dungeon Crawl Stone Soup version 0.31-a0-981-geadf994542 (webtiles) character file.

Game seed: 17115694320473604700

584 lunkers the Martial Artist (level 7, -7/50 (52) HPs)
             Began as a Meteoran Shapeshifter on Nov 1, 2023.
             Was an Initiate of Ru.
             Mangled by a wight
             ... wielding a +4 morningstar
              (16 damage)
             ... on level 4 of the Dungeon.
             The game lasted 00:06:08 (1354 turns).

lunkers the Martial Artist (Meteoran Shapeshifter)  Turns: 1354, Time: 00:06:08

HP:   -7/50 (52)    AC:  5    Str: 15    XL:     7   Next: 96%
MP:   8/8           EV: 11    Int: 11    God:    Ru [......]
Gold: 126           SH:  0    Dex: 17    Spells: 6/6 levels left

rFire   . .          .
                       - Unarmed
rCold   . . .        (no shield)
rNeg    . . .        k - +0 ring mail
rPois   .            (helmet currently unavailable)
rElec   .            (cloak currently unavailable)
rCorr   .            (gloves currently unavailable)
SInv    .            (boots currently unavailable)
Will    .....        (no amulet)
Stlth   +            (no ring)
HPRegen 0.28/turn    (no ring)
MPRegen 0.11/turn

%: no passive effects
@: beast-form, glowing, lightly drained
A: beast (slay +3), sense surroundings 1, otherworldly, glowing, explore regen
a: Begin Untransformation, Renounce Religion


You were on level 4 of the Dungeon.
You worshipped Ru.
Ru was noncommittal.
You were a hulking beast.
You visited 1 branch of the dungeon, and saw 4 of its levels.

You collected 126 gold pieces.

Inventory:

Armour
 a - a +0 animal skin
 h - a +0 chain mail
 k - a +0 ring mail (worn)
Talismans
 c - a beast talisman
 d - a flux talisman
Scrolls
 b - a scroll of enchant armour {unknown}
 g - 2 scrolls of blinking {unknown}
 i - 2 scrolls of noise {unknown}
 j - 2 scrolls of teleportation {unknown}
 l - 2 scrolls of revelation {unknown}
 n - a scroll of identify {unknown}
 o - a scroll of summoning {unknown}
Potions
 e - 2 potions of curing {unknown}
 f - a potion of attraction {unknown}
 m - a potion of heal wounds {unknown}
 p - a potion of haste {unknown}


   Skills:
 - Level 1.1 Fighting
 - Level 2.1 Dodging
 * Level 8.4 Unarmed Combat
 + Level 6.0 Shapeshifting


You had 6 spell levels left.
You didn't know any spells.
Your spell library contained the following spells:

 Spells                   Type           Power      Damage    Failure   Level
 Slow                     Hex            0%         N/A       56%         1
 Ensorcelled Hibernation  Hex/Ice        0%         N/A       71%         2
 Passwall                 Tmut/Erth      0%         N/A       71%         2
 Confusing Touch          Hex            0%         N/A       91%         3
 Sigil of Binding         Hex            0%         N/A       91%         3
 Swiftness                Air            0%         N/A       91%         3
 Vampiric Draining        Necr           0%         2d6       91%         3
 Alistair's Intoxication  Tmut/Pois      0%         N/A       100%        5
 Borgnjor's Vile Clutch   Necr/Erth      0%         N/A       100%        5
 Eringya's Noxious Bog    Tmut/Pois      0%         4d6       100%        6


Dungeon Overview and Level Annotations

Branches:
Dungeon (4/15) Zot: 1072
 Temple: D:4-7

Altars:
Ashenzari
Gozag
Qazlal
Ru
Sif Muna
Uskayaw
Vehumet
Wu Jian


Innate Abilities, Weirdness & Mutations

You are a hulking beast.
Your limbs bulge with bestial killing power. (Slay +3)
You passively map a small area around you.
You are easily found by Zot.
You glow in the dark.
You regain HP and MP as you explore.


Message History

Things that are here:
a +0 club; a +0 robe; a gnoll corpse You hit the gnoll.
The gnoll is moderately wounded.
The gnoll closely misses you.
You punch the gnoll!
The gnoll is almost dead.
A wight comes into view. It is wielding a +0 war axe.
The gnoll hits you with a +0 club.
* * * LOW HITPOINT WARNING * * *
You closely miss the gnoll.
The gnoll is almost dead.
The gnoll hits you but does no damage.
You punch the gnoll!
You kill the gnoll!
A wight comes into view. It is wielding a +4 morningstar.
Okay, then.
You hit the wight.
The wight is moderately damaged.
You hit the wight.
The wight is heavily damaged.
The wight hits you but does no damage.
You punch the wight!
You destroy the wight!
Your Shapeshifting skill increases to level 6!
You hit the wight.
The wight is moderately damaged.
A wight comes into view.
It is wielding a +2 scimitar and wearing a +0 scale mail of poison resistance.
The wight hits you with a +4 morningstar!
* * * LOW HITPOINT WARNING * * *
You feel drained.
* * * LOW HITPOINT WARNING * * *
You barely miss the wight.
The wight is moderately damaged.
The wight barely misses you.
Unknown command.
You hit the wight but do no damage.
The wight is moderately damaged.
The wight hits you with a +4 morningstar!
You die...

######)#.##,
##.#.## ,
#..##(#.##
,* ##.#.##*
#.##.#.##, ,
,##.#.# ,
..#.#.## ,,
##†#.# , *
...#.##, ,
*, ##.#.## *
#...## *
,##.#.##
...##, ,
##.#.##,*
..## ,
#.#.##,
...#*, , ,
#.#h## .#.#
*,#.#z##,
..... #.#z#
, * ..#...
*,##.# , *
....... ## *
....... , *,
, , , , , ,
,* * , * , ,


You could see 2 wights.

Vanquished Creatures
  Sigmund (D:2)
  A scorpion (D:4)
  A wight (D:4)
  3 orc priests
  An iguana (D:3)
  A gnoll bouda (D:4)
  2 gnolls (D:4)
  8 adders
  8 orcs
  10 bats
  11 endoplasms
  A giant cockroach (D:3)
  7 goblins
  4 hobgoblins
  4 jackals (D:1)
  4 kobolds
  7 quokkas
  2 ball pythons
  2 frilled lizards
  6 rats
84 creatures vanquished.

Notes
Turn   | Place    | Note
-------+----------+-------------------------------------------
     0 | D:1      | lunkers the Meteoran Shapeshifter began the quest for the
                  | Orb.
     0 | D:1      | Reached XP level 1. HP: 16/16 MP: 2/2
    38 | D:1      | Reached XP level 2. HP: 23/23 MP: 3/3
    80 | D:1      | Reached skill level 4 in Unarmed Combat
   343 | D:1      | Reached XP level 3. HP: 26/28 MP: 4/4
   492 | D:2      | Reached XP level 4. HP: 35/35 MP: 5/5
   538 | D:2      | Noticed Sigmund
   557 | D:2      | Killed Sigmund
   558 | D:2      | Reached skill level 6 in Unarmed Combat
   558 | D:2      | Reached skill level 5 in Shapeshifting
   558 | D:2      | Reached XP level 5. HP: 20/40 MP: 6/6
   558 | D:2      | Reached XP level 6. HP: 23/47 MP: 7/7
   580 | D:2      | Found a broken altar of Ashenzari.
   754 | D:3      | Found a radiant altar of Vehumet.
   938 | D:3      | Reached skill level 7 in Unarmed Combat
  1071 | D:3      | Reached XP level 7. HP: 52/52 MP: 8/8
  1092 | D:3      | Found a shimmering blue altar of Sif Muna.
  1117 | D:3      | Found a stormy altar of Qazlal.
  1117 | D:3      | Found a hide-covered altar of Uskayaw.
  1119 | D:3      | Found an ornate altar of the Wu Jian Council.
  1120 | D:3      | Found a sacrificial altar of Ru.
  1121 | D:3      | Found an opulent altar of Gozag.
  1160 | D:3      | Became a worshipper of Ru the Awakened
  1325 | D:4      | Reached skill level 8 in Unarmed Combat
  1354 | D:4      | Mangled by a wight

Illustrated notes

Levels and vault maps discovered:
D:1:      wander_arrival_peaceful_grave, layout_rooms
D:2:      layout_basic, ebering_ecumenical_altar_abandoned, basic_altar,
          uniq_natasha, uniq_sigmund
D:3:      wad_river_or_something, layout_loops_ring, grunt_temple_overflow_open,
          mainiacjoe_overflow_tiny_flanked
D:4:      minmay_inner_zag, layout_rooms, minmay_temple_entry_waves,
          chequers_serial_rivers_large_a

Skill      XL: |  1  2  3  4  5  6  7 |
---------------+----------------------+-----
Unarmed Combat | 4 6 7 8 |  8.4
Shapeshifting  | 4 5 6 |  6.0
Fighting       | |  1.1
Dodging        | |  2.1

Action                     |  1- 3 |  4- 6 |  7- 9 || total
---------------------------+-------+-------+-------++-------
  Melee: Unarmed           |    59 |    98 |    71 ||   228
         Punch             |     2 |     6 |     2 ||    10
    Use: Potion            |       |     1 |       ||     1
 Armour: Animal skin       |    23 |    17 |       ||    40
         Skin              |       |    21 |       ||    21
         Ring mail         |       |    25 |    33 ||    58
  Dodge: Dodged            |    35 |    42 |    27 ||   104

Table legend: (Time is in decaauts)
 A = Elapsed time spent in this place.
 B = Non-inter-level travel time spent in this place.
 C = Inter-level travel time spent in this place.
 D = Time resting spent in this place.
 E = Time spent auto-exploring this place.
 F = Levels seen in this place.
 G = Mean time per level.
                   A        B        C        D        E       F      G
               +--------+--------+--------+--------+--------+-----+--------+
         Total |   1327 |   1278 |     49 |     11 |    739 |   4 |  331.8 |
       Dungeon |   1327 |   1278 |     49 |     11 |    739 |   4 |  331.8 |
               +--------+--------+--------+--------+--------+-----+--------+

Top non-repeatable levels by time:
     D:3: 547 daAuts
     D:1: 432 daAuts
     D:2: 265 daAuts
     D:4: 81 daAuts
